 Dungeon Crawl Stone Soup version 0.31.0-11-ge490571c62 (webtiles) character file.

Game seed: 4063597699446502445

6230 qw the Markself (level 10, -4/49 (56) HPs)
             Began as a Deep Elf Hunter on Feb 4, 2024.
             Was an Elder of Okawaru.
             Killed from afar by a laughing skull (33 damage)
             ... with a bolt of negative energy
             ... on level 1 of the Abyss.
             The game lasted 00:00:58 (7629 turns).

qw the Markself (Deep Elf Hunter)                   Turns: 7629, Time: 00:00:59

HP:   -4/49 (56)    AC:  8    Str: 12    XL:     10   Next: 61%
MP:   16/16         EV: 18    Int: 15    God:    Okawaru [****..]
Gold: 373           SH:  5    Dex: 26    Spells: 9/9 levels left

rFire   . . .        e - +8 longbow of the Final Decision {flame, +Blink Dex+8}
rCold   . . .        (shield currently unavailable)
rNeg    . . .        t - +1 acid dragon scales
rPois   .            (no helmet)
rElec   .            a - +0 cloak
rCorr   +            (no gloves)
SInv    .            (no boots)
Will    +....        s - amulet of reflection
Stlth   ++           (no ring)
HPRegen 0.28/turn    (no ring)
MPRegen 0.15/turn

%: reflection
@: heavily drained
A: no striking features
a: Renounce Religion, Evoke Blink, Heroism, Finesse


You were on level 1 of the Abyss.
You worshipped Okawaru.
Okawaru was greatly pleased with you.
You visited 2 branches of the dungeon, and saw 10 of its levels.
You visited the Abyss 1 time.

You collected 373 gold pieces.


   Skills:
 - Level 4.1 Fighting
 + Level 16.9 Ranged Weapons
 - Level 1.6 Armour
 - Level 8.2 Dodging
 - Level 1.2 Stealth
 + Level 5.6 Invocations


You had 9 spell levels left.
You didn't know any spells.
Your spell library was empty.

Inventory:

Hand Weapons
 e - the +8 longbow of the Final Decision (weapon) {flame, +Blink Dex+8}
   (You found it on level 2 of the Dungeon)

   Dex+8:     It affects your dexterity (+8).
   +Blink:    It lets you blink.
Armour
 a - a +0 cloak (worn)
 t - +1 acid dragon scales (worn)
 w - a +2 robe of fire resistance
Jewellery
 h - a ring of ice
 s - an amulet of reflection (around neck)
Wands
 f - a wand of mindburst (7)
 g - a wand of quicksilver (2)
 l - a wand of iceblast (10)
 m - a wand of polymorph (8)
 q - a wand of paralysis (20)
Scrolls
 k - a scroll of identify
Potions
 b - 3 potions of heal wounds
 c - a potion of cancellation
 d - a potion of enlightenment
 i - 2 potions of haste
 j - a potion of curing
 o - a potion of mutation {unknown}
 v - a potion of might {unknown}

Dungeon Overview and Level Annotations

Branches:
Dungeon (9/15)             Temple (1/1) D:6             Orc (0/2) D:9
   Lair: D:8-11

Altars:
Ashenzari
Cheibriados
Dithmenos
Elyvilon
Fedhas
Gozag
Hepliaklqana
Kikubaaqudgha
Makhleb
Nemelex Xobeh
Okawaru
Qazlal
Ru
Sif Muna
Trog
Uskayaw
Vehumet
Wu Jian
Xom
Yredelemnul
Zin
The Shining One

Annotations:
D:9 Erolcha


Message History

Magic restored.
You open the door.
There is an open door here.
Your hands slow down.
There is an open door here.
A jelly comes into view.
Enter note:
Found a gateway leading deeper into the Abyss.
A laughing skull comes into view.
You shoot an arrow. The arrow hits the laughing skull!
The laughing skull is moderately damaged.
You hear a hideous shriek! x2
You shoot an arrow. The arrow hits the laughing skull!
The laughing skull is severely damaged.
A laughing skull comes into view.
You shoot an arrow. The arrow misses the laughing skull.
You shoot an arrow. The arrow misses the laughing skull.
The laughing skull gibbers with scorn.
The bolt of negative energy hits the laughing skull.
The laughing skull completely resists.
The bolt of negative energy hits you!!
You feel drained.
A laughing skull comes into view.
You shoot an arrow. The arrow hits the laughing skull.
The laughing skull is lightly damaged.
The laughing skull headbutts you.
A laughing skull comes into view.
You shoot an arrow. The arrow hits the laughing skull!
The laughing skull is heavily damaged.
You block the laughing skull's attack.
You shoot an arrow.
The arrow closely misses the laughing skull.
The laughing skull misses you. The laughing skull barely misses you.
The laughing skull gibbers with scorn.
The bolt of negative energy hits the laughing skull.
The laughing skull completely resists.
The bolt of negative energy misses you.
The laughing skull gibbers with scorn.
The bolt of negative energy hits you!!
You feel drained.
Ouch! That really hurt!
You die...
The laughing skull crumbles to pieces from sheer joy.

#. . .## .# ..##.#
## ## ....# #.#
##.. ....
#.##...##zz# .
#.##......zz# #.
#....####@.#.### .
.###. .#......# #
#....##J#...#.#
###.####.###.#.....
# # #.#.#..##
....#...#. #
#....... ##....#..#
# ###.##. #.. .###.
#..# #.#... # ..
.#. ##. #.. ..
...#.#..## . .. ##


You could see 4 laughing skulls and a jelly.

Vanquished Creatures
  Amaemon (D:8)
  An orange demon (D:8)
  Maggie (D:8)
  Jeremiah (D:8)
  A hornet (D:9)
  Prince Ribbit (D:5)
  2 wyverns (D:8)
  5 yaks (D:8)
  Eustachio (D:6)
  2 wargs (D:9)
  A steam dragon (D:9)
  2 water moccasins (D:7)
  4 sky beasts
  An ice beast (D:6)
  4 orc warriors
  An ogre (D:5)
  2 centaurs
  4 phantoms
  4 bullfrogs
  7 wights
  A howler monkey (D:8)
  A bombardier beetle (D:4)
  3 hounds
  5 orc priests
  A jelly (D:6)
  A gnoll bouda (D:5)
  3 iguanas
  3 orc wizards
  5 adders
  4 gnolls (D:5)
  3 river rats (D:4)
  A shadow imp (D:7)
  4 dart slugs
  6 ribbon worms
  27 orcs
  3 endoplasms
  3 giant cockroaches
  3 goblins
  4 hobgoblins
  3 kobolds (D:1)
  4 quokkas
  8 ball pythons
  4 bats
  8 frilled lizards
  5 rats
159 creatures vanquished.

Notes
Turn   | Place    | Note
-------+----------+-------------------------------------------
     0 | D:1      | qw the Deep Elf Hunter began the quest for the Orb.
     0 | D:1      | Reached XP level 1. HP: 12/12 MP: 3/3
     0 | D:1      | 0 ||| qw: Version: 0.3-a-160-g6735b56
     0 | D:1      | 0 ||| qw: Game counter: 4709
     0 | D:1      | 0 ||| qw: Melee chars always use a shield: true
     0 | D:1      | 0 ||| qw: God list: Okawaru
     0 | D:1      | 0 ||| qw: Allow faded altars: false
     0 | D:1      | 0 ||| qw: Do Orc after clearing Dungeon:15 true
     0 | D:1      | 0 ||| qw: Do second Lair branch before Depths: true
     0 | D:1      | 0 ||| qw: Lair rune preference: random
     0 | D:1      | 0 ||| qw: Goals: Normal
     0 | D:1      | 0 ||| PLANNING D:1-11
     2 | D:1      | Noticed a barachi
     2 | D:1      | Noticed a djinni
     4 | D:1      | Noticed a felid
     4 | D:1      | Noticed a vine stalker
     6 | D:1      | Noticed a spriggan
     6 | D:1      | Noticed a vampire
     8 | D:1      | Noticed a gargoyle
    10 | D:1      | Noticed a demigod
    10 | D:1      | Noticed an oni
    12 | D:1      | Noticed a draconian
    12 | D:1      | Noticed a ghoul
    14 | D:1      | Noticed an octopode
    14 | D:1      | Noticed an armataur
    16 | D:1      | Noticed a demonspawn
    16 | D:1      | Noticed a formicid
    20 | D:1      | Noticed a naga
    20 | D:1      | Noticed a minotaur
    22 | D:1      | Noticed an elf
    22 | D:1      | Noticed a troll
    24 | D:1      | Noticed a merfolk
    24 | D:1      | Noticed a tengu
    26 | D:1      | Noticed a human
    64 | D:1      | Reached skill level 6 in Ranged Weapons
    64 | D:1      | Reached XP level 2. HP: 16/16 MP: 4/4
   649 | D:1      | 649 ||| UPGRADING to +0 ring mail.
   659 | D:1      | 659 ||| DROPPING +0 leather armour.
   660 | D:1      | 660 ||| READING scroll labelled YKHLE MARCHOOM.
   660 | D:1      | 660 ||| IDENTIFYING bubbling orange potion
   661 | D:1      | 661 ||| READING 2 scrolls labelled EMPASTE FEDD.
   662 | D:1      | 662 ||| DROPPING scroll of butterflies.
   663 | D:1      | 663 ||| DROPPING potion of lignification.
   664 | D:1      | 664 ||| DROPPING scroll of blinking.
   698 | D:2      | Reached XP level 3. HP: 11/20 MP: 5/5
   942 | D:2      | Reached skill level 7 in Ranged Weapons
   985 | D:2      | Found a faded altar of an unknown god.
  1279 | D:2      | Identified the +8 longbow of the Final Decision {flame,
                  | +Blink Dex+8}
  1281 | D:2      | 1281 ||| SWAPPING to +8 longbow of the Final Decision
                  | {flame, +Blink Dex+8}.
  1282 | D:2      | 1282 ||| DROPPING +0 shortbow.
  1519 | D:2      | 1519 ||| UPGRADING to +0 cloak.
  1524 | D:2      | 1524 ||| READING scroll labelled INLISU OXOTA.
  1632 | D:3      | Found a white marble altar of Elyvilon.
  2303 | D:3      | 2303 ||| READING scroll of identify.
  2303 | D:3      | 2303 ||| IDENTIFYING fizzy brown potion
  2304 | D:3      | 2304 ||| READING scroll labelled ANKIRPH EZXYSM.
  2305 | D:3      | 2305 ||| DRINKING 2 smoky dark potions.
  2322 | D:4      | 2322 ||| PLANNING SEWER
  2324 | D:4      | Reached XP level 4. HP: 25/25 MP: 6/6
  2409 | D:4      | Noticed a phantom
  2411 | D:4      | Killed a phantom
  2412 | D:4      | Reached skill level 8 in Ranged Weapons
  2412 | D:4      | Reached XP level 5. HP: 29/29 MP: 7/7
  2427 | D:4      | Reached skill level 3 in Dodging
  2427 | D:4      | Found a snail-covered altar of Cheibriados.
  2502 | D:4      | Reached skill level 9 in Ranged Weapons
  3070 | D:4      | You fall into a shaft and drop 2 floors!
  3075 | D:6      | Noticed a phantom
  3079 | D:6      | Killed a phantom
  3080 | D:6      | Reached XP level 6. HP: 35/35 MP: 8/8
  3166 | D:6      | 3166 ||| RIP SEWER
  3166 | D:6      | 3166 ||| PLANNING D:1-11
  3186 | D:6      | Found a staircase to the Ecumenical Temple.
  3187 | D:6      | 3187 ||| PLANNING TEMPLE
  3213 | D:6      | Noticed an orc warrior
  3216 | D:6      | Killed an orc warrior
  3217 | D:6      | Reached skill level 10 in Ranged Weapons
  3236 | D:6      | Reached XP level 7. HP: 30/40 MP: 9/9
  3245 | D:6      | Reached skill level 1 in Armour
  3268 | D:6      | Noticed Eustachio
  3272 | D:6      | 3272 ||| ZAPPING wand of iceblast (5) at -3,4 (Eustachio;
                  | floor).
  3273 | D:6      | 3273 ||| ZAPPING wand of iceblast (4) at -2,3 (Eustachio;
                  | floor).
  3273 | D:6      | Killed Eustachio
  3274 | D:6      | Reached skill level 11 in Ranged Weapons
  3321 | D:6      | 3321 ||| UPGRADING to amulet of guardian spirit.
  3355 | D:6      | 3355 ||| READING scroll of identify.
  3355 | D:6      | 3355 ||| IDENTIFYING golden potion
  3356 | D:6      | 3356 ||| READING scroll labelled MOTAQA KINAN.
  3357 | D:6      | 3357 ||| DROPPING potion of brilliance.
  3366 | D:5      | Entered Level 5 of the Dungeon
  3371 | D:6      | 3371 ||| FLEEEEING.
  3378 | D:6      | 3378 ||| FLEEEEING.
  3380 | D:6      | 3380 ||| FLEEEEING.
  3382 | D:6      | 3382 ||| FLEEEEING.
  3385 | D:6      | 3385 ||| FLEEEEING.
  3386 | D:6      | 3386 ||| FLEEEEING.
  3387 | D:6      | 3387 ||| FLEEEEING.
  3389 | D:6      | 3389 ||| FLEEEEING.
  3391 | D:6      | 3391 ||| FLEEEEING.
  3393 | D:6      | 3393 ||| FLEEEEING.
  3394 | D:6      | 3394 ||| FLEEEEING.
  3399 | D:6      | 3399 ||| FLEEEEING.
  3401 | D:6      | 3401 ||| FLEEEEING.
  3402 | D:6      | 3402 ||| FLEEEEING.
  3403 | D:6      | 3403 ||| FLEEEEING.
  3404 | D:6      | 3404 ||| FLEEEEING.
  3409 | D:6      | 3409 ||| FLEEEEING.
  3410 | D:6      | 3410 ||| FLEEEEING.
  3411 | D:6      | 3411 ||| STAIRDANCE
  3419 | D:6      | 3419 ||| FLEEEEING.
  3420 | D:6      | 3420 ||| FLEEEEING.
  3421 | D:6      | 3421 ||| FLEEEEING.
  3422 | D:6      | 3422 ||| FLEEEEING.
  3423 | D:6      | 3423 ||| STAIRDANCE
  3427 | D:6      | 3427 ||| STAIRDANCE
  3462 | Temple   | Entered the Ecumenical Temple
  3463 | Temple   | 3463 ||| PLANNING OKAWARU WORSHIP
  3476 | Temple   | Became a worshipper of Warmaster Okawaru
  3477 | Temple   | 3477 ||| PLANNING D:1-11
  3477 | Temple   | 3477 ||| REMOVING amulet of guardian spirit.
  3528 | D:5      | 3528 ||| FLEEEEING.
  3529 | D:5      | 3529 ||| FLEEEEING.
  3530 | D:5      | 3530 ||| STAIRDANCE
  3532 | D:4      | 3532 ||| PLANNING SEWER
  4333 | D:3      | 4333 ||| RIP SEWER
  4333 | D:3      | 4333 ||| PLANNING D:1-11
  4360 | D:5      | 4360 ||| STAIRDANCE
  4365 | D:5      | 4365 ||| STAIRDANCE
  4381 | D:5      | 4381 ||| DROPPING +6 ring of intelligence.
  4386 | D:5      | 4386 ||| FLEEEEING.
  4387 | D:5      | 4387 ||| FLEEEEING.
  4388 | D:5      | 4388 ||| FLEEEEING.
  4389 | D:5      | 4389 ||| FLEEEEING.
  4390 | D:5      | 4390 ||| FLEEEEING.
  4391 | D:5      | 4391 ||| STAIRDANCE
  4493 | D:5      | Identified the +5 falchion of Callousness {pain, ^Fragile
                  | rCorr Int+3}
  4509 | D:5      | Noticed Prince Ribbit
  4511 | D:5      | Reached skill level 12 in Ranged Weapons
  4511 | D:5      | Reached XP level 8. HP: 34/44 MP: 10/10
  4514 | D:5      | Killed Prince Ribbit
  4614 | D:5      | Found a blossoming altar of Fedhas.
  4638 | D:5      | Reached skill level 3 in Fighting
  4647 | D:5      | Found a sacrificial altar of Ru.
  4698 | D:5      | Reached * piety under Okawaru
  4814 | D:5      | 4814 ||| DROPPING scarf of harm.
  4815 | D:5      | 4815 ||| DROPPING amulet of guardian spirit.
  4816 | D:5      | 4816 ||| UPGRADING to amulet of reflection.
  4821 | D:5      | 4821 ||| READING scroll of identify.
  4821 | D:5      | 4821 ||| IDENTIFYING red potion
  4822 | D:5      | 4822 ||| READING scroll labelled PUROH IHEC.
  4823 | D:5      | 4823 ||| READING scroll labelled KETOEP FISAROU.
  4827 | D:5      | 4827 ||| DRINKING 2 glowing emerald potions.
  4865 | D:6      | Reached skill level 1 in Invocations
  5163 | D:6      | Reached skill level 3 in Invocations
  5242 | D:6      | Reached skill level 13 in Ranged Weapons
  5326 | D:6      | 5326 ||| DROPPING amulet of the acrobat.
  5327 | D:6      | 5327 ||| READING 3 scrolls labelled VAWOROXZOQI.
  5328 | D:6      | 5328 ||| READING scroll labelled RACKUC FOROISA.
  5429 | D:6      | 5429 ||| READING scroll labelled HUCAQO CASK.
  5530 | D:6      | 5530 ||| DROPPING 2 scrolls of poison.
  5577 | D:7      | Reached skill level 6 in Dodging
  5577 | D:7      | Reached XP level 9. HP: 50/50 MP: 13/13
  5662 | D:7      | Reached ** piety under Okawaru
  5968 | D:7      | Reached skill level 14 in Ranged Weapons
  6032 | D:7      | 6032 ||| READING scroll labelled UHUMOFU XOEDDO.
  6060 | D:8      | Noticed Amaemon
  6061 | D:8      | 6061 ||| INVOKING Heroism.
  6064 | D:8      | Noticed an orange demon
  6065 | D:8      | 6065 ||| RETREEEEATING.
  6070 | D:8      | Killed an orange demon
  6071 | D:8      | Reached skill level 15 in Ranged Weapons
  6076 | D:8      | Killed Amaemon
  6126 | D:8      | Reached *** piety under Okawaru
  6372 | D:8      | Reached XP level 10. HP: 56/56 MP: 15/15
  6661 | D:8      | 6661 ||| RETREEEEATING.
  6671 | D:8      | Reached **** piety under Okawaru
  6672 | D:8      | Reached skill level 16 in Ranged Weapons
  6728 | D:8      | Noticed Maggie
  6729 | D:8      | 6729 ||| INVOKING Finesse.
  6734 | D:8      | Killed Maggie
  6846 | D:8      | Found an opulent altar of Gozag.
  6846 | D:8      | Found a basalt altar of Yredelemnul.
  6994 | D:8      | Noticed Jeremiah
  7039 | D:8      | Killed Jeremiah
  7205 | D:8      | 7205 ||| UPGRADING to +0 acid dragon scales.
  7215 | D:8      | 7215 ||| DROPPING +0 ring mail.
  7216 | D:8      | 7216 ||| DROPPING ring of flight.
  7217 | D:8      | 7217 ||| READING 2 scrolls of identify.
  7217 | D:8      | 7217 ||| IDENTIFYING viscous orange potion
  7218 | D:8      | 7218 ||| READING scroll of identify.
  7218 | D:8      | 7218 ||| IDENTIFYING bubbling purple potion
  7219 | D:8      | 7219 ||| READING scroll labelled DIALERI DIBIHU.
  7219 | D:8      | 7219 ||| ENCHANTING +0 acid dragon scales.
  7220 | D:8      | 7220 ||| DRINKING 2 dark potions.
  7221 | D:8      | 7221 ||| DROPPING potion of berserk rage.
  7222 | D:8      | 7222 ||| DROPPING potion of attraction.
  7336 | D:9      | Found a staircase to the Orcish Mines.
  7535 | D:9      | Noticed Erolcha
  7536 | D:9      | 7536 ||| INVOKING Finesse.
  7537 | Abyss:1  | Found a corrupted altar of Lugonu.
  7537 | Abyss:1  | Cast into level 1 of the Abyss (Erolcha)
  7629 | Abyss:1  | Killed from afar by a laughing skull

Levels and vault maps discovered:
D:1:      kb_arrival_jail, layout_basic
D:2:      layout_basic, chequers_ecumenical_altar_simple
D:3:      layout_basic, elyvilon_altar_3
D:4:      layout_layer_cave, mainiacjoe_overflow_concentric_impassable,
          lightli_sewer_entry_pipes
D:5:      layout_basic, mainiacjoe_overflow_two_lobes, serial_glass,
          glass_columns_a, glass_columns_c, uniq_prince_ribbit1
D:6:      layout_rooms, minmay_temple_entry_steel_oval, serial_co_window_serial,
          co_window_paths_a, co_window_paths_b, co_window_of_opportunity_a,
          co_window_of_opportunity_a, co_window_paths_a, co_window_paths_a,
          co_window_unsneaky_path_c, co_window_of_opportunity_c,
          co_window_broadway_c, co_window_of_opportunity_b,
          co_window_broadway_c, co_window_broadway_c, glass_columns_a,
          glass_columns_b, glass_columns_a, hex_medium, minmay_lizard_king,
          uniq_eustachio
D:7:      layout_rooms, kennysheep_big_empty_room
D:8:      layout_loops_corners, mainiacjoe_overflow_divided_tiny, minivault_25,
          uniq_amaemon, uniq_jeremiah, uniq_maggie
D:9:      layout_irregular_city, david_orc_1_choice, uniq_erolcha
Temple:   lightli_temple_of_artemis
Abyss:1:  base:
Sewer

Skill      XL: |  1  2  3  4  5  6  7  8  9 10 |
---------------+-------------------------------+-----
Ranged Weapons | 6 7 8 9 10 12 13 15 16 | 16.9
Dodging        | 3 4 6 8 |  8.2
Fighting       | 2 3 4 |  4.1
Armour         | 1 |  1.6
Invocations    | 3 4 5 |  5.6
Stealth        | |  1.2

Action                     |  1- 3 |  4- 6 |  7- 9 | 10-12 || total
---------------------------+-------+-------+-------+-------++-------
   Fire: Shortbow          |    79 |       |       |       ||    79
         Longbow           |    13 |    41 |   148 |    74 ||   276
 Invoke: Heroism           |       |       |     1 |       ||     1
         Finesse           |       |       |       |     2 ||     2
  Evoke: Wand              |       |       |     2 |       ||     2
    Use: Scroll            |     5 |       |     9 |     3 ||    17
         Potion            |     1 |       |     1 |     1 ||     3
 Armour: Ring mail         |     8 |     1 |    16 |     6 ||    31
         Leather armour    |     4 |       |       |       ||     4
         Acid dragon scale |       |       |       |     7 ||     7
  Dodge: Dodged            |    13 |     1 |    18 |    25 ||    57
  Block: Other             |       |       |     2 |     5 ||     7
         Reflection        |       |       |       |     1 ||     1

Table legend:
 A = Non-vault XP
 B = Vault XP
 C = Vault XP percentage of total XP
 D = Non-vault monster count
 E = Vault monster count
 F = Vault count percentage of total count
                 A         B        C        D         E       F
            +---------+---------+-------+---------+---------+-------
      Total |    5662 |    3238 |  36.4 |     128 |      31 |  19.5
            +---------+---------+-------+---------+---------+-------
        D:1 |      35 |       0 |   0.0 |      19 |       0 |   0.0
        D:2 |      33 |       0 |   0.0 |      12 |       0 |   0.0
        D:3 |      27 |       0 |   0.0 |       6 |       0 |   0.0
        D:4 |     218 |      70 |  24.3 |      15 |       9 |  37.5
        D:5 |     488 |     259 |  34.7 |      15 |       1 |   6.2
        D:6 |    1259 |     241 |  16.1 |      25 |       8 |  24.2
        D:7 |    1134 |       0 |   0.0 |      16 |       0 |   0.0
        D:8 |    1996 |    1955 |  49.5 |      17 |       4 |  19.0
        D:9 |     472 |     713 |  60.2 |       3 |       9 |  75.0
            +---------+---------+-------+---------+---------+-------
